[Event "48th Rilton Cup 2018"]
[Site "Stockholm"]
[Date "2018.12.29"]
[Round "3"]
[White "Roy, Prantik"]
[Black "Moroni, Luca Jr"]
[Result "1/2-1/2"]
[ECO "A45"]
[WhiteElo "2382"]
[BlackElo "2564"]
[Annotator "ChessBase"]
[PlyCount "77"]
[EventDate "2018.12.27"]
[EventType "swiss"]
[EventCountry "SWE"]
[SourceTitle "playchess.com"]
[Source "ChessBase"]
[SourceQuality "1"]
[TimeControl "40/5400+30:1800+30"]

1. d4 Nf6 2. Bg5 e6 3. e4 h6 4. Bxf6 Qxf6 5. Nf3 d6 6. Nc3 Nd7 7. Bc4 a6 8. Qe2 b5 9. e5 Qd8 10. Bd3 b4 11. Ne4 d5 12. Ng3 h5 13. h4 Be7 14. Ng5 Bxg5 15. hxg5 g6 16. f4 c5 17. dxc5 Nxc5 18. Qf2 Qa5 19. Qd4 b3+ 20. Ke2 Nxd3 21. cxd3 bxa2 22. Rhc1 Bd7 23. b4 Qa4 24. Qb2 Rb8 25. Qxa2 Qxa2+ 26. Rxa2 Rxb4 27. Rxa6 O-O 28. Ke3 Rb3 29. Rca1 Bb5 30. R6a3 d4+ 31. Kf2 Rb2+ 32. Ne2 Rc8 33. Ra8 Rxa8 34. Rxa8+ Kg7 35. Rb8 h4 36. Ke1 Rb1+ 37. Kf2 Rb2 38. Ke1 Rb1+ 39. Kf2 1/2-1/2

[Event "48th Rilton Cup 2018"]
[Site "Stockholm"]
[Date "2018.12.29"]
[Round "3"]
[White "Wallace, John Paul"]
[Black "Blomqvist, Erik"]
[Result "1/2-1/2"]
[ECO "E11"]
[WhiteElo "2367"]
[BlackElo "2497"]
[Annotator "ChessBase"]
[PlyCount "103"]
[EventDate "2018.12.27"]
[EventType "swiss"]
[EventCountry "SWE"]
[SourceTitle "playchess.com"]
[Source "ChessBase"]
[SourceQuality "1"]
[TimeControl "40/5400+30:1800+30"]

1. c4 e6 2. d4 Nf6 3. Nf3 Bb4+ 4. Bd2 a5 5. Nc3 b6 6. g3 Ba6 7. Qb3 d5 8. cxd5 exd5 9. Bg5 O-O 10. e3 Bxc3+ 11. bxc3 a4 12. Qc2 h6 13. Bxa6 Rxa6 14. Bxf6 Qxf6 15. Qe2 b5 16. O-O Re6 17. Ne5 c6 18. f4 Rfe8 19. Rae1 Qf5 20. g4 Qe4 21. Qd2 f6 22. Nd3 Nd7 23. h3 R6e7 24. f5 g5 25. fxg6 Qxg6 26. Rf5 Rg7 27. Kh2 Qf7 28. Nf4 Rg5 29. Rf1 Qe7 30. Ng2 Rxf5 31. Rxf5 Qe4 32. Qf2 a3 33. Qh4 Kg7 34. Qh5 Nf8 35. Rf4 Qg6 36. Qh4 Ne6 37. Rf5 Ng5 38. Qg3 Qf7 39. Qd6 Re6 40. Qb8 Qe8 41. Qf4 Qe7 42. h4 Ne4 43. Kh3 Qd6 44. Qf3 Re8 45. Nf4 Kf7 46. Nh5 Rg8 47. Rf4 Ke7 48. Kg2 Qe6 49. Kh2 Qd6 50. Kg2 Qe6 51. Kh2 Qd6 52. Kg2 1/2-1/2

[Event "48th Rilton Cup 2018"]
[Site "Stockholm"]
[Date "2018.12.29"]
[Round "3"]
[White "Mikalsen, Erlend"]
[Black "Gopal G.N."]
[Result "0-1"]
[ECO "B90"]
[WhiteElo "2357"]
[BlackElo "2582"]
[Annotator "ChessBase"]
[PlyCount "116"]
[EventDate "2018.12.27"]
[EventType "swiss"]
[EventCountry "SWE"]
[SourceTitle "playchess.com"]
[Source "ChessBase"]
[SourceQuality "1"]
[TimeControl "40/5400+30:1800+30"]

1. e4 c5 2. Nf3 d6 3. d4 cxd4 4. Nxd4 Nf6 5. Nc3 a6 6. Bc4 e6 7. Bb3 Nbd7 8. f4 Nc5 9. f5 Be7 10. Qf3 O-O 11. Be3 Qc7 12. g4 b5 13. g5 Nfxe4 14. Nxe4 Bb7 15. fxe6 Bxe4 16. exf7+ Kh8 17. Qh5 Nxb3 18. axb3 Bg6 19. Qf3 Bxf7 20. O-O Qd7 21. Qc6 Qg4+ 22. Qg2 Qxg2+ 23. Kxg2 Bd5+ 24. Kg3 Rxf1 25. Rxf1 g6 26. h4 Kg8 27. Bf4 b4 28. c4 bxc3 29. bxc3 Bb7 30. Re1 Kf7 31. h5 Rc8 32. Re3 Bf8 33. c4 Re8 34. Rxe8 Kxe8 35. h6 d5 36. Ne6 dxc4 37. bxc4 Be7 38. Nc7+ Kd7 39. Kf2 a5 40. Ke3 a4 41. Kd3 Bxg5 42. Bxg5 Kxc7 43. Be7 Kd7 44. Bf8 Ke6 45. Ke3 Kf5 46. Kf2 Ke4 47. Kg3 Bc6 48. Ba3 Kd4 49. c5 Kc4 50. Kf4 Kb3 51. Bc1 a3 52. Be3 Kc4 53. Ke5 a2 54. Bd4 Bb7 55. Ba1 Kxc5 56. Kf6 Kc4 57. Kg7 g5 58. Kxh7 Be4+ 0-1

[Event "48th Rilton Cup 2018"]
[Site "Stockholm"]
[Date "2018.12.29"]
[Round "3"]
[White "Bellon Lopez, Juan Manuel"]
[Black "Holm, Kristian Stuvik"]
[Result "1/2-1/2"]
[ECO "A45"]
[WhiteElo "2349"]
[BlackElo "2468"]
[Annotator "ChessBase"]
[PlyCount "66"]
[EventDate "2018.12.27"]
[EventType "swiss"]
[EventCountry "SWE"]
[SourceTitle "playchess.com"]
[Source "ChessBase"]
[SourceQuality "1"]
[TimeControl "40/5400+30:1800+30"]

1. d4 Nf6 2. Bf4 c5 3. e3 d5 4. c3 e6 5. Nd2 Bd6 6. Bg3 O-O 7. Ngf3 Qc7 8. Ne5 Nbd7 9. Nxd7 Bxd7 10. Bxd6 Qxd6 11. Be2 e5 12. O-O exd4 13. exd4 cxd4 14. cxd4 Qb6 15. Nb3 Ne4 16. Bd3 Ba4 17. Re1 Rfe8 18. Bc2 Bc6 19. Re3 a5 20. Nc1 a4 21. b3 a3 22. Ne2 Qb4 23. Qe1 Qd6 24. Ng3 Nxg3 25. hxg3 Rxe3 26. Qxe3 Re8 27. Qd2 Qe7 28. Bd3 g6 29. Kf1 Qf6 30. Qf4 Qe7 31. Qd2 Qf6 32. Qf4 Qe7 33. Qd2 Qf6 1/2-1/2

[Event "48th Rilton Cup 2018"]
[Site "Stockholm"]
[Date "2018.12.29"]
[Round "3"]
[White "Dhulipalla Bala Chandra Prasa"]
[Black "Heberla, Bartlomiej"]
[Result "1/2-1/2"]
[ECO "A58"]
[WhiteElo "2328"]
[BlackElo "2550"]
[Annotator "ChessBase"]
[PlyCount "133"]
[EventDate "2018.12.27"]
[EventType "swiss"]
[EventCountry "SWE"]
[SourceTitle "playchess.com"]
[Source "ChessBase"]
[SourceQuality "1"]
[TimeControl "40/5400+30:1800+30"]

1. d4 Nf6 2. c4 c5 3. d5 b5 4. cxb5 a6 5. bxa6 g6 6. Nc3 Bg7 7. Nf3 O-O 8. e4 Qa5 9. Nd2 Bxa6 10. Bxa6 Qxa6 11. Qe2 e6 12. Nc4 exd5 13. Nxd5 Nxd5 14. exd5 d6 15. O-O Nd7 16. Qc2 Ne5 17. Nxe5 Bxe5 18. Bd2 Rfb8 19. Bc3 Qc4 20. Rfc1 Bxc3 21. b3 Qb4 22. Qxc3 Qxc3 23. Rxc3 Ra3 24. g3 Rba8 25. Kg2 Rxa2 26. Rxa2 Rxa2 27. b4 cxb4 28. Rc6 Ra5 29. Rxd6 Rb5 30. Rd8+ Kg7 31. d6 Rb7 32. Re8 b3 33. Re2 Kf8 34. h4 f5 35. Kh2 Kf7 36. Kg2 h6 37. Kh2 g5 38. hxg5 hxg5 39. f3 g4 40. fxg4 fxg4 41. Kg2 Kf6 42. Kf2 Kg6 43. Re1 b2 44. d7 Rxd7 45. Re6+ Kf5 46. Rb6 Rd2+ 47. Ke3 Rc2 48. Rb5+ Ke6 49. Kf4 Kd6 50. Kxg4 Kc6 51. Rb8 Kc5 52. Kf5 Rd2 53. Rc8+ Kd4 54. Rb8 Kc4 55. Rc8+ Kd3 56. Rb8 Rf2+ 57. Ke5 Rg2 58. g4 Kc2 59. Kf5 Rf2+ 60. Ke5 Rg2 61. Kf5 Rf2+ 62. Ke5 Rf8 63. Rxb2+ Kxb2 64. g5 Kc3 65. g6 Rg8 66. Kf6 Rxg6+ 67. Kxg6 1/2-1/2

[Event "48th Rilton Cup 2018"]
[Site "Stockholm"]
[Date "2018.12.30"]
[Round "4"]
[White "Gajewski, Grzegorz"]
[Black "Zumsande, Martin"]
[Result "1/2-1/2"]
[ECO "A06"]
[WhiteElo "2598"]
[BlackElo "2490"]
[Annotator "ChessBase"]
[PlyCount "102"]
[EventDate "2018.12.27"]
[EventType "swiss"]
[EventCountry "SWE"]
[SourceTitle "playchess.com"]
[Source "ChessBase"]
[SourceQuality "1"]
[TimeControl "40/5400+30:1800+30"]

1. Nf3 d5 2. g3 Nf6 3. Bg2 e6 4. O-O Be7 5. c4 O-O 6. d4 dxc4 7. Qc2 b6 8. Bg5 Nd5 9. Bxe7 Qxe7 10. e4 Nf6 11. Nc3 Nc6 12. a3 Bb7 13. Rad1 Na5 14. Rfe1 Rad8 15. e5 Nd5 16. Ne4 h6 17. h4 Rd7 18. g4 f5 19. exf6 gxf6 20. Qc1 Qg7 21. Ng3 b5 22. Rxe6 Nb3 23. Qc2 Qxg4 24. Re4 Qg6 25. h5 Qh7 26. Nh4 Nf4 27. Ngf5 Bxe4 28. Qxe4 Nxd4 29. Rxd4 Rxd4 30. Nxd4 Qxe4 31. Bxe4 Rd8 32. Nhf5 Kf8 33. Bc6 a6 34. f3 Rb8 35. Kf2 b4 36. axb4 Rxb4 37. Ke3 Nxh5 38. Ne6+ Kf7 39. Bd5 c6 40. Nd8+ Kg6 41. Ne7+ Kg5 42. Ne6+ Kh4 43. Nf5+ Kh3 44. Bxc6 Rxb2 45. Kd4 a5 46. Kc3 Rb3+ 47. Kxc4 Rb4+ 48. Kc3 Nf4 49. Nxf4+ Rxf4 50. Nxh6 Kg3 51. Ng4 Rxg4 1/2-1/2

[Event "48th Rilton Cup 2018"]
[Site "Stockholm"]
[Date "2018.12.30"]
[Round "4"]
[White "Zou, Chen"]
[Black "Urkedal, Frode Olav Olsen"]
[Result "0-1"]
[ECO "C88"]
[WhiteElo "2384"]
[BlackElo "2537"]
[Annotator "ChessBase"]
[PlyCount "84"]
[EventDate "2018.12.27"]
[EventType "swiss"]
[EventCountry "SWE"]
[SourceTitle "playchess.com"]
[Source "ChessBase"]
[SourceQuality "1"]
[TimeControl "40/5400+30:1800+30"]

1. e4 e5 2. Nf3 Nc6 3. Bb5 a6 4. Ba4 Nf6 5. O-O Be7 6. Re1 b5 7. Bb3 O-O 8. a4 b4 9. a5 d6 10. d3 Rb8 11. Nbd2 Be6 12. Bxe6 fxe6 13. Nb3 Qe8 14. d4 exd4 15. Nbxd4 Nxd4 16. Nxd4 Qd7 17. Qe2 c5 18. Nf3 Ne8 19. Nd2 Nc7 20. Nc4 d5 21. Ne5 Qd6 22. Qh5 dxe4 23. Rxe4 Qd5 24. Qg4 Bf6 25. Bh6 Nb5 26. Nc4 Nd4 27. Ne3 Qc6 28. Nc4 Kh8 29. Be3 Nxc2 30. Rxe6 Qd5 31. Rc1 Nxe3 32. Rxe3 Bd4 33. Rf3 Rbe8 34. b3 h5 35. Qg6 Rd8 36. Rf1 Rxf3 37. gxf3 Qxf3 38. Nd2 Qe2 39. Ne4 Rf8 40. Qe6 Bxf2+ 41. Rxf2 Qe1+ 42. Kg2 Rxf2+ 0-1

[Event "48th Rilton Cup 2018"]
[Site "Stockholm"]
[Date "2018.12.30"]
[Round "4"]
[White "Roy, Prantik"]
[Black "Kulaots, Kaido"]
[Result "0-1"]
[ECO "A45"]
[WhiteElo "2382"]
[BlackElo "2555"]
[Annotator "ChessBase"]
[PlyCount "64"]
[EventDate "2018.12.27"]
[EventType "swiss"]
[EventCountry "SWE"]
[SourceTitle "playchess.com"]
[Source "ChessBase"]
[SourceQuality "1"]
[TimeControl "40/5400+30:1800+30"]

1. d4 Nf6 2. Bg5 d5 3. Bxf6 exf6 4. e3 Bd6 5. Bd3 c6 6. Nd2 f5 7. Qf3 g6 8. h3 h5 9. Ne2 h4 10. c4 dxc4 11. Nxc4 Bc7 12. Nc3 Be6 13. O-O-O Nd7 14. Kb1 O-O 15. Nd2 Ba5 16. Bc4 Bxc4 17. Nxc4 Bxc3 18. bxc3 Nb6 19. Nxb6 axb6 20. Rd2 b5 21. g4 hxg3 22. fxg3 Ra3 23. g4 f4 24. exf4 b4 25. Rc1 Qa5 26. Rb2 bxc3 27. Rb3 Rxa2 28. Qxc3 Qa6 29. Qd3 Qa4 30. f5 Ra8 31. fxg6 Rf2 32. gxf7+ Kf8 0-1

[Event "48th Rilton Cup 2018"]
[Site "Stockholm"]
[Date "2018.12.30"]
[Round "4"]
[White "Schmidek, Emil"]
[Black "Hillarp Persson, Tiger"]
[Result "0-1"]
[ECO "B12"]
[WhiteElo "2382"]
[BlackElo "2546"]
[Annotator "ChessBase"]
[PlyCount "102"]
[EventDate "2018.12.27"]
[EventType "swiss"]
[EventCountry "SWE"]
[SourceTitle "playchess.com"]
[Source "ChessBase"]
[SourceQuality "1"]
[TimeControl "40/5400+30:1800+30"]

1. e4 c6 2. d4 d5 3. e5 Bf5 4. Nf3 e6 5. Be2 c5 6. Be3 Qb6 7. Nc3 Qxb2 8. Qb1 Qxb1+ 9. Rxb1 c4 10. Rxb7 Nc6 11. Nb5 Nd8 12. Rc7 Rb8 13. Nd6+ Bxd6 14. exd6 Rb1+ 15. Bd1 Bxc2 16. Kd2 Bxd1 17. Rxd1 Rb6 18. Bf4 Nf6 19. Re7+ Kf8 20. Rxa7 Ne4+ 21. Kc2 f6 22. Rb1 Rxb1 23. Kxb1 g5 24. Bc1 Nf7 25. d7 Nc3+ 26. Kc2 Nb5 27. Rb7 Nbd6 28. Ba3 Ke7 29. d8=Q+ Kxd8 30. Ra7 g4 31. Ng1 Nb5 32. Be7+ Ke8 33. Rb7 Nxd4+ 34. Kc3 Nc6 35. Bxf6 Nd6 36. Rb6 Ne4+ 37. Kc2 Rf8 38. f3 Rxf6 39. Rxc6 Ng5 40. Ra6 Kd7 41. Ne2 gxf3 42. gxf3 Rxf3 43. Nd4 Rh3 44. Nb5 Ne4 45. Ra7+ Kc6 46. Nd4+ Kb6 47. Re7 Rxh2+ 48. Kc1 Nc5 49. Nxe6 Nd3+ 50. Kb1 c3 51. Nd4 c2+ 0-1

[Event "48th Rilton Cup 2018"]
[Site "Stockholm"]
[Date "2018.12.31"]
[Round "5"]
[White "Liang, Awonder"]
[Black "Keinanen, Toivo"]
[Result "1-0"]
[ECO "C11"]
[WhiteElo "2589"]
[BlackElo "2404"]
[Annotator "RC"]
[PlyCount "129"]
[EventDate "2018.12.27"]
[EventType "swiss"]
[EventCountry "SWE"]
[SourceTitle "playchess.com"]
[Source "ChessBase"]
[SourceQuality "1"]
[TimeControl "40/5400+30:1800+30"]

1. e4 e6 2. d4 d5 3. Nc3 Nf6 4. e5 Nfd7 5. f4 c5 6. Nf3 Nc6 7. Be3 a6 8. Qd2 b5 9. Nd1 cxd4 10. Nxd4 Nxd4 11. Bxd4 Bc5 12. Nf2 Bxd4 13. Qxd4 f6 14. Bd3 Qb6 15. Qxb6 Nxb6 16. O-O-O fxe5 17. fxe5 Ke7 18. Nh3 Bb7 19. Ng5 Raf8 20. Nxh7 Rf2 21. Rdf1 Rxf1+ 22. Rxf1 Nd7 23. Re1 g6 24. Bxg6 Rg8 25. Bd3 Rxg2 26. h4 Rh2 27. Rg1 Rxh4 28. Rg7+ Kd8 29. Ng5 Nc5 30. Nxe6+ Nxe6 31. Rxb7 Rh5 32. Rb6 Nc7 33. e6 Re5 34. Rd6+ Kc8 35. Bh7 Nxe6 36. Rxa6 Kb7 37. Ra3 Rh5 38. Bd3 Kb6 39. Ra8 Nc7 40. Rb8+ Kc5 41. b3 Rh4 42. a3 Rf4 43. Kb2 Rh4 44. Rg8 Kc6 45. Rg6+ Kb7 46. Rd6 Rf4 47. Bh7 Rg4 48. Bf5 Rd4 49. Bd7 Rd1 50. Bc6+ Ka7 51. Kc3 Rc1 52. Rd7 Kb6 53. Bxd5 Rd1 54. Be6 Re1 55. Bf5 Kc6 56. Rh7 Nd5+ 57. Kd2 Ra1 58. Be4 Kd6 59. Bxd5 Kxd5 60. Kc3 Rxa3 61. Kb4 Ra2 62. Rc7 Kd6 63. Rc8 Kd7 64. Rc5 Kd6 65. Kxb5 {[%emt 0:00:00] Kd5} 1-0

[Event "48th Rilton Cup 2018"]
[Site "Stockholm"]
[Date "2018.12.31"]
[Round "5"]
[White "Volkov, Sergey"]
[Black "Lalith Babu M R"]
[Result "1/2-1/2"]
[ECO "D35"]
[WhiteElo "2583"]
[BlackElo "2529"]
[Annotator "ChessBase"]
[PlyCount "75"]
[EventDate "2018.12.27"]
[EventType "swiss"]
[EventCountry "SWE"]
[SourceTitle "playchess.com"]
[Source "ChessBase"]
[SourceQuality "1"]
[TimeControl "40/5400+30:1800+30"]

1. d4 Nf6 2. c4 e6 3. Nf3 d5 4. Nc3 Nbd7 5. cxd5 exd5 6. Bf4 c6 7. Qc2 Nh5 8. Bd2 Nhf6 9. Bg5 Be7 10. e3 O-O 11. Bd3 Re8 12. O-O h6 13. Bf4 Nf8 14. h3 Bd6 15. Bxd6 Qxd6 16. a3 a5 17. Rab1 Be6 18. Rfc1 N8d7 19. Nd2 Rec8 20. f4 Nf8 21. Na4 Qd8 22. b4 axb4 23. axb4 Ne8 24. Nc5 b6 25. Nxe6 Nxe6 26. f5 Ng5 27. h4 Nh7 28. Nf3 Nhf6 29. Ne5 Qe7 30. Qf2 c5 31. b5 c4 32. Bc2 Nd6 33. Qf4 Nfe4 34. Bxe4 Nxe4 35. Nc6 Qf6 36. Nb4 Qd8 37. Nc6 Qf6 38. Nb4 1/2-1/2

[Event "48th Rilton Cup 2018"]
[Site "Stockholm"]
[Date "2018.12.31"]
[Round "5"]
[White "Hauge, Lars Oskar"]
[Black "Santos Latasa, Jaime"]
[Result "*"]
[ECO "C11"]
[WhiteElo "2466"]
[BlackElo "2584"]
[Annotator "RC"]
[PlyCount "100"]
[EventDate "2018.12.27"]
[EventType "swiss"]
[EventCountry "SWE"]
[SourceTitle "playchess.com"]
[Source "ChessBase"]
[SourceQuality "1"]
[TimeControl "40/5400+30:1800+30"]

1. d4 Nf6 2. Nc3 e6 3. e4 d5 4. e5 Nfd7 5. f4 c5 6. Nf3 Nc6 7. Ne2 Be7 8. g3 O-O 9. Bg2 b5 10. O-O a5 11. Be3 b4 12. dxc5 Ba6 13. Re1 Bxc5 14. Ned4 Qc7 15. Kh1 Nxd4 16. Nxd4 Rac8 17. Rc1 Rfe8 18. Bg1 g6 19. Qd2 Bf8 20. Nf3 Nc5 21. Bd4 Ne4 22. Qe3 Bc5 23. Bxc5 Qxc5 24. Nd4 a4 25. Kg1 a3 26. bxa3 bxa3 27. Bxe4 dxe4 28. Nb3 Qe7 29. Nd2 Bb7 30. Nxe4 Bxe4 31. Qxe4 Rc3 32. Kg2 Rec8 33. Re2 Qc7 34. Kh3 Qb6 35. Rd1 Qb2 36. Kg4 Qb5 37. Kh3 Kg7 38. Red2 Qb2 39. Qd4 Rxc2 40. Qxb2 axb2 41. Rxc2 Rxc2 42. Rb1 Kf8 43. Kg4 Rxh2 44. Kf3 Ke7 45. Ke3 Kd7 46. Kd4 Rg2 47. Kc3 Rxg3+ 48. Kxb2 Rf3 49. Rd1+ Kc6 50. Rd4 Kc5 *

[Event "48th Rilton Cup 2018"]
[Site "Stockholm"]
[Date "2019.01.02"]
[Round "6"]
[White "Santos Latasa, Jaime"]
[Black "Urkedal, Frode Olav Olsen"]
[Result "1/2-1/2"]
[ECO "E35"]
[WhiteElo "2584"]
[BlackElo "2537"]
[Annotator "ChessBase"]
[PlyCount "88"]
[EventDate "2018.12.27"]
[EventType "swiss"]
[EventCountry "SWE"]
[SourceTitle "playchess.com"]
[Source "ChessBase"]
[SourceQuality "1"]
[TimeControl "40/5400+30:1800+30"]

1. d4 Nf6 2. c4 e6 3. Nc3 Bb4 4. Qc2 d5 5. cxd5 exd5 6. Bg5 h6 7. Bxf6 Qxf6 8. a3 Bxc3+ 9. Qxc3 O-O 10. e3 c6 11. Nf3 Nd7 12. Be2 Qe7 13. O-O Nf6 14. Nd2 Bf5 15. b4 Rfc8 16. Rfc1 Ne8 17. a4 a6 18. Qb2 Nd6 19. Ra3 g6 20. h3 h5 21. Rac3 Bd7 22. Bd3 Kg7 23. Nb3 g5 24. Nc5 Bf5 25. Bxf5 Nxf5 26. b5 axb5 27. axb5 g4 28. bxc6 bxc6 29. Qb7 Qxb7 30. Nxb7 g3 31. R3c2 Ra3 32. Re1 h4 33. Kf1 Re8 34. Rce2 Re6 35. Nc5 Rf6 36. Nd7 Nxe3+ 37. Rxe3 Rxf2+ 38. Kg1 Raa2 39. Ne5 Rxg2+ 40. Kh1 Rh2+ 41. Kg1 Rag2+ 42. Kf1 Rf2+ 43. Kg1 Rfg2+ 44. Kf1 Rf2+ 1/2-1/2

[Event "48th Rilton Cup 2018"]
[Site "Stockholm"]
[Date "2019.01.02"]
[Round "6"]
[White "Lalith Babu M R"]
[Black "Gajewski, Grzegorz"]
[Result "0-1"]
[ECO "E10"]
[WhiteElo "2529"]
[BlackElo "2598"]
[Annotator "ChessBase"]
[PlyCount "62"]
[EventDate "2018.12.27"]
[EventType "swiss"]
[EventCountry "SWE"]
[SourceTitle "playchess.com"]
[Source "ChessBase"]
[SourceQuality "1"]
[TimeControl "40/5400+30:1800+30"]

1. d4 Nf6 2. c4 e6 3. Nf3 d5 4. g3 Bb4+ 5. Bd2 Be7 6. Bg2 O-O 7. O-O Nbd7 8. Qc2 c6 9. Bf4 b6 10. Rd1 Bb7 11. Ne5 Nh5 12. Bd2 Nhf6 13. cxd5 cxd5 14. Nc6 Bxc6 15. Qxc6 Rc8 16. Qb5 Ne8 17. Qd3 Nd6 18. Nc3 Nf6 19. b3 Qd7 20. f3 Nf5 21. e3 h5 22. Ne2 Rfd8 23. Rac1 Rxc1 24. Rxc1 g5 25. e4 dxe4 26. fxe4 Nxd4 27. Qxd4 Qb5 28. Qe3 Ng4 29. Qf3 Bc5+ 30. Kh1 Nf2+ 31. Kg1 Rxd2 0-1

[Event "48th Rilton Cup 2018"]
[Site "Stockholm"]
[Date "2019.01.02"]
[Round "6"]
[White "Gholami, Aryan"]
[Black "Moksh Amit Doshi"]
[Result "1-0"]
[ECO "B50"]
[WhiteElo "2488"]
[BlackElo "2242"]
[Annotator "ChessBase"]
[PlyCount "93"]
[EventDate "2018.12.27"]
[EventType "swiss"]
[EventCountry "SWE"]
[SourceTitle "playchess.com"]
[Source "ChessBase"]
[SourceQuality "1"]
[TimeControl "40/5400+30:1800+30"]

1. Nf3 c5 2. e4 d6 3. c3 Nf6 4. Be2 Bd7 5. d3 g6 6. O-O Bg7 7. Re1 O-O 8. Bf1 Nc6 9. Nbd2 e5 10. a3 a5 11. a4 h6 12. Nc4 Be6 13. h3 Qc7 14. Qb3 d5 15. Qb6 Qxb6 16. Nxb6 Rad8 17. exd5 Nxd5 18. Nc4 f6 19. Ra3 Rfe8 20. Rb3 Rb8 21. g3 Nc7 22. Rb6 Bf8 23. Bg2 Red8 24. Nh4 g5 25. Ng6 Bd5 26. Nxf8 Kxf8 27. Be4 Bxe4 28. dxe4 Na8 29. Rb5 b6 30. Be3 Kf7 31. Kf1 Ke6 32. Ke2 Rd7 33. h4 Na7 34. Rb3 Rbb7 35. Rh1 Rh7 36. Kd3 Nc8 37. hxg5 hxg5 38. Rxh7 Rxh7 39. Bxc5 Rc7 40. Be3 Rc6 41. f3 Ke7 42. Bf2 Ke6 43. g4 Rc7 44. Ne3 Ne7 45. c4 Nc6 46. Nd5 Rh7 47. Nxb6 1-0

[Event "48th Rilton Cup 2018"]
[Site "Stockholm"]
[Date "2019.01.02"]
[Round "6"]
[White "D`Costa, Lorin A R"]
[Black "Hillarp Persson, Tiger"]
[Result "0-1"]
[ECO "A48"]
[WhiteElo "2390"]
[BlackElo "2546"]
[Annotator "ChessBase"]
[PlyCount "76"]
[EventDate "2018.12.27"]
[EventType "swiss"]
[EventCountry "SWE"]
[SourceTitle "playchess.com"]
[Source "ChessBase"]
[SourceQuality "1"]
[TimeControl "40/5400+30:1800+30"]

1. d4 Nf6 2. Nf3 g6 3. Bf4 Nh5 4. Be5 f6 5. Bg3 d6 6. e3 e5 7. Be2 Nxg3 8. hxg3 Bg7 9. Nc3 Nd7 10. e4 c6 11. Qd2 Nb6 12. a4 a5 13. Rd1 Be6 14. d5 cxd5 15. Bb5+ Kf8 16. Nxd5 Nxd5 17. exd5 Bg4 18. Qe3 Kf7 19. Rd2 h5 20. Nh2 Bd7 21. Qe2 e4 22. Nf1 f5 23. c3 Bxb5 24. Qxb5 Qe7 25. Ne3 Bh6 26. Re2 Bxe3 27. Rxe3 Rhc8 28. Qe2 Qg5 29. Qb5 Qe7 30. Qe2 Rc5 31. c4 Rac8 32. b3 Rxd5 33. Rxh5 Qf6 34. Rh7+ Kg8 35. Qa2 Kxh7 36. cxd5 Rc1+ 37. Ke2 Qd4 38. Qd2 Qc5 0-1

[Event "48th Rilton Cup 2018"]
[Site "Stockholm"]
[Date "2019.01.02"]
[Round "6"]
[White "Pranav Anand"]
[Black "Liang, Awonder"]
[Result "0-1"]
[ECO "C72"]
[WhiteElo "2274"]
[BlackElo "2589"]
[Annotator "RC"]
[PlyCount "100"]
[EventDate "2018.12.27"]
[EventType "swiss"]
[EventCountry "SWE"]
[SourceTitle "playchess.com"]
[Source "ChessBase"]
[SourceQuality "1"]
[TimeControl "40/5400+30:1800+30"]

1. e4 e5 2. Nf3 Nc6 3. Bb5 a6 4. Ba4 d6 5. O-O Bd7 6. c3 g6 7. d4 Bg7 8. d5 Nce7 9. Bxd7+ Qxd7 10. c4 h6 11. Nc3 f5 12. Ne1 Nf6 13. f3 O-O 14. Nd3 c6 15. Be3 Kh7 16. Rc1 b5 17. dxc6 Nxc6 18. Nd5 bxc4 19. Nc5 Qe8 20. Nc7 Qe7 21. Nxa8 Rxa8 22. Na4 fxe4 23. fxe4 Nd4 24. Rxc4 Nxe4 25. Bxd4 exd4 26. Qd3 d5 27. Rc2 Re8 28. b3 Qd6 29. Re2 Re7 30. Rfe1 Rc7 31. Rc2 Rxc2 32. Qxc2 Be5 33. g3 Bxg3 34. hxg3 Qxg3+ 35. Kf1 d3 36. Qg2 d2 37. Qxg3 Nxg3+ 38. Kf2 Ne4+ 39. Ke2 dxe1=Q+ 40. Kxe1 h5 41. Ke2 h4 42. Kf1 h3 43. Kg1 g5 44. Kh2 g4 45. b4 Nd2 46. Nc3 d4 47. Nd1 Nf1+ 48. Kg1 h2+ 49. Kh1 g3 50. a4 Ne3 0-1

[Event "48th Rilton Cup 2018"]
[Site "Stockholm"]
[Date "2019.01.03"]
[Round "7"]
[White "Volkov, Sergey"]
[Black "Schekachikhin, Maksim"]
[Result "1-0"]
[ECO "D12"]
[WhiteElo "2583"]
[BlackElo "2368"]
[Annotator "ChessBase"]
[PlyCount "61"]
[EventDate "2018.12.27"]
[EventType "swiss"]
[EventCountry "SWE"]
[SourceTitle "playchess.com"]
[Source "ChessBase"]
[SourceQuality "1"]
[TimeControl "40/5400+30:1800+30"]

1. d4 d5 2. c4 c6 3. Nf3 Nf6 4. e3 Bf5 5. Nc3 e6 6. Nh4 Be4 7. f3 Bg6 8. Qb3 Qc7 9. Bd2 Be7 10. g3 Bh5 11. O-O-O a5 12. g4 a4 13. Qc2 Nxg4 14. fxg4 Bxg4 15. Be1 Qd8 16. Qf2 Bxd1 17. Kxd1 dxc4 18. Bxc4 Nd7 19. Rg1 Ne5 20. Be2 Ng6 21. Nf3 b5 22. h4 b4 23. h5 bxc3 24. hxg6 fxg6 25. Bxc3 O-O 26. Bc4 Kh8 27. Qg2 Bf6 28. Rh1 Qe8 29. Bb4 c5 30. Bxc5 Qc6 31. Ng5 1-0

[Event "48th Rilton Cup 2018"]
[Site "Stockholm"]
[Date "2019.01.03"]
[Round "7"]
[White "Kulaots, Kaido"]
[Black "Murzin, Volodar"]
[Result "1/2-1/2"]
[ECO "B13"]
[WhiteElo "2555"]
[BlackElo "2336"]
[Annotator "ChessBase"]
[PlyCount "111"]
[EventDate "2018.12.27"]
[EventType "swiss"]
[EventCountry "SWE"]
[SourceTitle "playchess.com"]
[Source "ChessBase"]
[SourceQuality "1"]
[TimeControl "40/5400+30:1800+30"]

1. e4 c6 2. d4 d5 3. exd5 cxd5 4. Bd3 Nc6 5. c3 g6 6. Nf3 Bg7 7. O-O Bf5 8. Bxf5 gxf5 9. Re1 e6 10. Bg5 Nge7 11. Nbd2 Qc7 12. Nb3 Ng6 13. Nc5 O-O 14. Qd2 b6 15. Nd3 f6 16. Bf4 Qf7 17. Re2 Rfe8 18. Rae1 Rad8 19. Bg3 Na5 20. b3 Nb7 21. Nh4 Re7 22. f3 Rde8 23. Nb4 Nd8 24. c4 Nxh4 25. Bxh4 dxc4 26. bxc4 Rd7 27. Qb2 Nb7 28. Nc6 Nd8 29. d5 Nxc6 30. dxe6 Rxe6 31. Rxe6 Ne5 32. R6xe5 fxe5 33. Qb5 h6 34. Bg3 e4 35. fxe4 fxe4 36. h3 Rd3 37. Kh2 Qg6 38. Bf4 Rd4 39. Re3 Qf7 40. Bb8 Rxc4 41. Rg3 Rc5 42. Qa4 Rg5 43. Qxe4 Rxg3 44. Kxg3 Qxa2 45. Qe8+ Kh7 46. Qe4+ Kh8 47. Qe8+ Kh7 48. Qe4+ Kh8 49. Qe8+ Qg8 50. Qxg8+ Kxg8 51. Bxa7 b5 52. Bc5 Bf8 53. Bxf8 Kxf8 54. Kf4 Kf7 55. g4 h5 56. gxh5 1/2-1/2

[Event "48th Rilton Cup 2018"]
[Site "Stockholm"]
[Date "2019.01.03"]
[Round "7"]
[White "Heberla, Bartlomiej"]
[Black "Valsecchi, Alessio"]
[Result "0-1"]
[ECO "A34"]
[WhiteElo "2550"]
[BlackElo "2497"]
[Annotator "RC"]
[PlyCount "139"]
[EventDate "2018.12.27"]
[EventType "swiss"]
[EventCountry "SWE"]
[SourceTitle "playchess.com"]
[Source "ChessBase"]
[SourceQuality "1"]
[TimeControl "40/5400+30:1800+30"]

1. c4 c5 2. Nf3 Nf6 3. Nc3 d5 4. cxd5 Nxd5 5. e3 Nc6 6. Bb5 Nxc3 7. bxc3 Qc7 8. O-O a6 9. Be2 e6 10. d4 Be7 11. e4 O-O 12. Be3 Rd8 13. Qc1 b5 14. a4 Na5 15. Bf4 Qb6 16. Rb1 Bb7 17. Qe3 cxd4 18. Nxd4 Qc5 19. Nb3 Qxe3 20. Bxe3 Nc4 21. Bxc4 bxc4 22. Nd2 Bc6 23. a5 Bb5 24. Nf3 Bc6 25. e5 Be4 26. Rb6 Rd5 27. Ra1 Bd8 28. Rd6 Rxa5 29. Rad1 Rd5 30. Ra1 a5 31. Nd4 Be7 32. Rb6 a4 33. f3 Bd3 34. Nc6 Bf8 35. Bd4 h6 36. Nb4 Bxb4 37. Rxb4 a3 38. Ra2 Bc2 39. Kf2 Bb3 40. Ra1 f6 41. f4 fxe5 42. fxe5 a2 43. Rb6 Bc2 44. Ke3 Rda5 45. Rb4 Bd3 46. g3 Ra3 47. Rb2 Kh7 48. Bc5 R3a5 49. Bd4 Kg6 50. Rf2 Ra3 51. Rb2 R8a5 52. Rf2 Bb1 53. Rb2 Rb3 54. Rf2 Raa3 55. Kf4 Rb5 56. Ke3 Rb7 57. Rd2 h5 58. Rg2 Ra8 59. Rd2 Rf7 60. Rd1 Rb8 61. Rd2 Rbf8 62. Rdxa2 Rf3+ 63. Ke2 Bxa2 64. Rxa2 h4 65. Ra6 hxg3 66. hxg3 Rxg3 67. Rxe6+ Kf5 68. Ra6 Ke4 69. e6 Rg2+ 70. Ke1 {[%emt 0:00:03] Ke5} 0-1